 Dungeon Crawl Stone Soup version 0.17-a0-1632-g0af21bd (webtiles) character file.

11807 Murumi the Blocker (level 12, -3/101 HPs)
             Began as a Formicid Fighter on Aug 3, 2015.
             Was an Elder of the Shining One.
             Slain by Torax's ghost (17 damage)
             ... on level 11 of the Dungeon.
             The game lasted 01:19:23 (12348 turns).

Murumi the Blocker (Formicid Fighter)              Turns: 12348, Time: 01:19:23

Health: -3/101     AC: 14    Str: 31    XL:     12   Next: 12%
Magic:  18/18      EV: 16    Int:  8    God:    the Shining One [****..]
Gold:   696        SH: 23    Dex: 15    Spells: 0 memorised, 11 levels left

rFire  + . .     SeeInvis +     a - +1 great sword (holy)
rCold  + . .     Clarity  .     v - +0 plate armour
rNeg   + + .     SustAt   .     c - +0 shield
rPois  .         Gourm    .     (helmet unavailable)
rElec  .         Spirit   .     h - +0 cloak
rCorr  .         Warding  .     (no gloves)
rMut   .         Stasis   +     (no boots)
MR     +....                    (no amulet)
Stlth  ..........               w - ring of protection from cold
                                l - ring of protection from fire

@: mighty, agile, divine shield, glowing, somewhat resistant to hostile
enchantments, extremely unstealthy
A: permanent stasis, dig shafts and tunnels, four strong arms, antennae 3,
robust 1
a: Dig, Shaft Self, Divine Shield, Cleansing Flame, Renounce Religion


You were on level 11 of the Dungeon.
You worshipped the Shining One.
The Shining One was greatly pleased with you.
You were not hungry.

You visited 2 branches of the dungeon, and saw 12 of its levels.

You collected 696 gold pieces.

Inventory:

Hand weapons
 a - a +1 great sword of holy wrath (weapon)
 d - a +0 arbalest
Missiles
 x - 99 bolts
Armour
 c - a +0 shield (worn)
 h - a +0 cloak (worn)
 v - a +0 plate armour (worn)
Jewellery
 g - an uncursed ring of protection from magic
 l - a ring of protection from fire (left hand)
 u - a +2 ring of intelligence
 w - a ring of protection from cold (right hand)
 y - an uncursed ring of sustain attributes
Magical devices
 A - a wand of fireball (8)
Scrolls
 b - 3 scrolls of identify
 o - a scroll of remove curse
 p - a scroll of fog
 s - 2 scrolls of recharging
 t - a scroll of fear
Potions
 j - 2 potions of brilliance
 m - 2 potions of curing
 n - 2 potions of cancellation
 q - a potion of resistance
 r - a potion of flight
Comestibles
 e - 4 bread rations
 i - 3 meat rations
 k - 3 fruits
 z - a slice of pizza
 B - 7 royal jellies


   Skills:
 - Level 8.0 Fighting
 - Level 7.0 Long Blades
 + Level 7.9 Crossbows
 - Level 7.0 Armour
 - Level 6.0 Dodging
 - Level 10.0 Shields
 - Level 9.0 Invocations


You had 11 spell levels left.
You didn't know any spells.

Dungeon Overview and Level Annotations

Branches:
Dungeon (11/15)            Temple (1/1) D:5            Lair (0/8) D:8
    Orc: D:9-12

Altars:
Ashenzari
Cheibriados
Dithmenos
Elyvilon
Fedhas
Gozag
Kikubaaqudgha
Makhleb
Nemelex Xobeh
Okawaru
Qazlal
Ru
Sif Muna
Trog
Vehumet
Xom
Yredelemnul
Zin
The Shining One
Beogh

Shops:
D:9 %

Annotations:
D:11 Torax's ghost, powerful TrCK


Innate Abilities, Weirdness & Mutations

You are under a permanent stasis effect.
You can dig through walls and to a lower floor.
Your four strong arms can wield two-handed weapons with a shield.
You have a pair of large antennae on your head (SInv).
You are robust (+10% HP).


Message History

You feel better. You block Torax's ghost's attack.
You closely miss Torax's ghost.
Torax's ghost is lightly damaged.
You block Torax's ghost's attack.
You slice Torax's ghost!!
Torax's ghost convulses!
Torax's ghost is heavily damaged.
You block Torax's ghost's attack.
You miss Torax's ghost.
Torax's ghost is heavily damaged.
You block Torax's ghost's attack.
You slice Torax's ghost!!
Torax's ghost convulses!!
Torax's ghost is almost destroyed.
You block Torax's ghost's attack.
You closely miss Torax's ghost.
Torax's ghost is almost destroyed.
You block Torax's ghost's attack. x2
You barely miss Torax's ghost.
Torax's ghost is almost destroyed.
Torax's ghost hits you!
You die...

..# ....
$..#
....
#...
%... ...
..5. .W#
....
###.#
...
##..# #
##.W##
##..#@#
.
#...###
.######
##..#
.#....#
##.##
......#
#..##
......#
##..##
..
.....<#
##..##
..#
......#
##..##
#..#
..<...##
##..##
#...


You could see Torax's ghost.

Vanquished Creatures
  The ghost of Nattefrost the Basher, a powerful FoFi of Cheibriados (D:11)
  A hill giant (D:10)
  An ugly thing (D:8)
  Psyche (D:7)
  A gargoyle (D:10)
  A yaktaur (D:8)
  A queen bee (D:9)
  2 trolls
  2 two-headed ogres
  Sigmund (D:5)
  A hippogriff (D:7)
  A wraith (D:8)
  2 hungry ghosts (D:8)
  A steam dragon (D:9)
  3 wargs
  The ghost of runewalsh the Chiller, an average OpIE (D:3)
  2 black bears
  7 ogres
  12 orc warriors
  A phantom (D:8)
  A necrophage (D:9)
  2 ice beasts
  An eye of draining (D:8)
  13 centaurs
  A crocodile (D:9)
  A big kobold (D:10)
  A wyvern zombie (D:10)
  7 giant frogs
  4 scorpions
  21 killer bees
  10 wights
  A giant frog zombie (D:8)
  3 crimson imps
  3 iguanas
  3 hounds
  Crazy Yiuf (D:5)
  6 orc priests
  3 giant frog skeletons
  A centaur skeleton (D:8)
  A jelly (D:10)
  11 orc wizards
  8 worker ants
  A killer bee zombie (D:8)
  A hound skeleton (D:8)
  3 worker ant zombies
  15 adders
  7 gnolls (D:2)
  6 shadow imps
  2 oozes (D:2)
  2 adder skeletons (D:8)
  An adder zombie (D:10)
  3 worms
  50 orcs
  7 giant cockroaches
  10 goblins
  7 hobgoblins (D:2)
  6 jackals
  16 kobolds
  6 quokkas
  2 ball python skeletons
  6 bats
  2 giant geckos
  2 giant gecko skeletons
  4 giant newts
  A jackal skeleton (D:4)
  6 rats
312 creatures vanquished.

Notes
Turn   | Place    | Note
--------------------------------------------------------------
     0 | D:1      | Murumi the Formicid Fighter began the quest for the Orb.
     0 | D:1      | Reached XP level 1. HP: 18/18 MP: 1/1
   201 | D:1      | Reached skill level 4 in Shields
   304 | D:1      | Reached XP level 2. HP: 24/24 MP: 2/2
   600 | D:2      | Reached skill level 1 in Dodging
   765 | D:2      | Reached XP level 3. HP: 29/29 MP: 3/3
   900 | D:2      | Found an opulent altar of Gozag.
  1113 | D:2      | Reached XP level 4. HP: 37/37 MP: 4/4
  1310 | D:2      | Reached XP level 5. HP: 30/42 MP: 5/5
  1393 | D:2      | Found a shadowy altar of Dithmenos.
  1769 | D:2      | Found an iron altar of Okawaru.
  1965 | D:3      | Reached XP level 6. HP: 45/48 MP: 6/6
  2003 | D:3      | Reached skill level 5 in Shields
  2153 | D:3      | Noticed runewalsh's ghost (average OpIE)
  2166 | D:3      | Killed runewalsh's ghost
  2166 | D:3      | Reached skill level 5 in Fighting
  2863 | D:3      | Found a white marble altar of Elyvilon.
  2864 | D:3      | Found a glowing silver altar of Zin.
  2865 | D:3      | Found a glowing golden altar of the Shining One.
  2871 | D:3      | Became a worshipper of the Shining One
  3003 | D:4      | Found a shattered altar of Ashenzari.
  3122 | D:4      | Found a stormy altar of Qazlal.
  3138 | D:4      | Reached XP level 7. HP: 57/57 MP: 7/7
  3244 | D:4      | Reached skill level 6 in Fighting
  3792 | D:5      | Entered Level 5 of the Dungeon
  3792 | D:5      | Found a staircase to the Ecumenical Temple.
  3819 | D:5      | Noticed Sigmund
  3830 | D:5      | Killed Sigmund
  3913 | D:5      | Reached XP level 8. HP: 38/64 MP: 8/8
  3917 | D:5      | Gained mutation: You are robust (+10% HP). [potion of beneficial mutation]
  4005 | D:5      | Reached skill level 5 in Dodging
  4346 | D:5      | Noticed Crazy Yiuf
  4358 | D:5      | Killed Crazy Yiuf
  4474 | D:5      | Found a snail-covered altar of Cheibriados.
  4587 | D:5      | Acquired the Shining One's first power
  4946 | Temple   | Entered the Ecumenical Temple
  5260 | D:6      | Found a radiant altar of Vehumet.
  5290 | D:6      | Reached skill level 1 in Invocations
  5671 | D:6      | Reached skill level 5 in Invocations
  5764 | D:6      | Reached XP level 9. HP: 33/75 MP: 12/12
  5819 | D:6      | Reached skill level 5 in Armour
  6863 | D:7      | Acquired the Shining One's second power
  6999 | D:7      | Reached skill level 7 in Shields
  7376 | D:7      | Reached skill level 8 in Shields
  8000 | D:8      | Noticed Psyche
  8014 | D:7      | Killed Psyche
  8014 | D:7      | Reached XP level 10. HP: 57/83 MP: 15/15
  8047 | D:8      | Reached skill level 5 in Long Blades
  8474 | D:8      | Identified a scroll of acquirement
  8586 | D:8      | Noticed a troll
  8592 | D:8      | Killed a troll
  8596 | D:8      | Noticed a brown ugly thing
  9022 | D:8      | Found a basalt altar of Yredelemnul.
  9192 | D:8      | Found a staircase to the Lair.
  9235 | D:8      | Reached skill level 9 in Shields
  9344 | D:8      | Noticed a yaktaur
  9358 | D:8      | Killed a yaktaur
  9358 | D:8      | Reached XP level 11. HP: 67/92 MP: 13/17
  9426 | D:8      | Reached skill level 1 in Crossbows
  9460 | D:8      | Killed a brown ugly thing
  9987 | D:9      | Found a roughly hewn altar of Beogh.
  9997 | D:9      | Reached skill level 5 in Crossbows
 10443 | D:9      | Found Woh Hedu's Food Boutique.
 10532 | D:9      | Found a bloodstained altar of Trog.
 10956 | D:10     | Entered Level 10 of the Dungeon
 11178 | D:10     | Reached skill level 10 in Shields
 11199 | D:10     | Acquired the Shining One's third power
 11785 | D:10     | Noticed a hill giant
 11793 | D:10     | Killed a hill giant
 11953 | D:10     | Reached XP level 12. HP: 88/101 MP: 18/18
 12184 | D:11     | Noticed Nattefrost's ghost (powerful FoFi)
 12184 | D:11     | Noticed Torax's ghost (powerful TrCK)
 12339 | D:11     | Killed Nattefrost's ghost
 12348 | D:11     | Slain by Torax's ghost

Vault maps used:
D:1:      ncdulo_lavacross
D:2:      okawaru_altar_gauntlet_db, nicolae_overflow_crystal_walls,
          lemuel_doored_altar, minmay_tree_intersection
D:3:      good_gods_mini_temple
D:4:      evilmike_ruin_ashenzari, kennysheep_mini_moat, first_bread,
          roderic_roman_lattice
D:5:      slow_altar_1, minmay_temple_entry_overgrown, uniq_crazy_yiuf_cottage,
          uniq_sigmund
D:6:      basic_altar
D:8:      hangedman_cross_veins, yredelemnul_altar_generic,
          erik_lair_orcish_takeover, uniq_psyche
D:9:      lemuel_round_altar, serial_shops, nicolae_shop_behind_doors,
          special_room, david_nohive_1, kennysheep_generic_room_11
Temple:   jpeg_temple_alley_garden_8

Action                   |  1- 3 |  4- 6 |  7- 9 | 10-12 || total
-------------------------+-------+-------+-------+-------++-------
Melee: Long sword        |    91 |   224 |   422 |    75 ||   812
       Great sword       |       |       |       |   404 ||   404
       Scimitar          |       |       |       |    48 ||    48
 Fire: Arbalest          |       |       |       |    29 ||    29
Invok: Divine Shield     |       |       |     1 |     6 ||     7
 Abil: Dig               |       |     2 |     4 |     8 ||    14
  Use: Scroll            |     3 |     6 |     8 |     5 ||    22
       Potion            |       |     3 |     2 |     4 ||     9
  Eat: Chunk             |     1 |     7 |    16 |    15 ||    39
       Bread ration      |       |       |       |     1 ||     1
